 Dungeon Crawl Stone Soup version 0.31-a0-846-gb3bcc0d938 (webtiles) character file.

Game seed: 1647197558943862847

16673 Gladio the Fighter (level 12, -1/108 HPs)
             Began as a Demonspawn Shapeshifter on Oct 4, 2023.
             Was a Priest of Trog.
             Succumbed to a water moccasin's poison
             ... on level 2 of the Lair of Beasts.
             The game lasted 00:36:01 (10635 turns).

Gladio the Fighter (Demonspawn Shapeshifter)       Turns: 10635, Time: 00:36:02

Health: -1/108     AC:  8    Str: 22    XL:     12   Next: 12%
Magic:  12/12      EV: 12    Int: 13    God:    Trog [***...]
Gold:   492        SH:  0    Dex: 14    Spells: 11/11 levels left

rFire   . .          .
                       - Unarmed
rCold   . . .        (shield currently unavailable)
rNeg    . . .        J - melded +0 acid dragon scales
rPois   .            m - melded +0 helmet
rElec   .            N - melded +1 cloak
rCorr   .            p - melded +0 pair of gloves
SInv    +            (boots currently unavailable)
Will    .....        t - amulet of regeneration
Stlth   +            L - +4 ring of slaying
HPRegen 1.18/turn    y - ring of see invisible
MPRegen 0.13/turn

%: no passive effects
@: mighty, lethally poisoned (-1 -> -17), snake-form, slowed, very slow
A: constrict, boosted hp, large, (large bone plates 2), ignite blood 1, powered
by pain 2, (weakness stinger 2)
a: Begin Untransformation, Renounce Religion, Berserk, Trog's Hand


You were on level 2 of the Lair of Beasts.
You worshipped Trog.
Trog was most pleased with you.
You were an enormous anaconda.
You visited 3 branches of the dungeon, and saw 13 of its levels.

You collected 550 gold pieces.
You spent 58 gold pieces at shops.

Inventory:

Missiles
 x - 16 poisoned darts
 C - 12 javelins
 V - 57 stones
Armour
 m - a +0 helmet (melded)
 p - a +0 pair of gloves (melded)
 J - +0 acid dragon scales (melded)
 N - a +1 cloak (melded)
Jewellery
 i - a +6 ring of intelligence
 t - an amulet of regeneration (around neck)
 y - a ring of see invisible (right hand)
 K - a ring of fire
 L - a +4 ring of slaying (left hand)
 O - a ring of ice
Talismans
 c - a beast talisman
 d - a flux talisman
 o - a granite talisman
 F - a blade talisman
 H - a serpent talisman (active)
Wands
 g - a wand of iceblast (17)
 w - a wand of flame (27)
 T - a wand of mindburst (28)
Scrolls
 a - a scroll of summoning {unknown}
 b - 2 scrolls of silence
 f - 3 scrolls of blinking
 k - 4 scrolls of teleportation
 q - 5 scrolls of noise
 u - a scroll of revelation {unknown}
 A - 2 scrolls of identify
 B - 2 scrolls of enchant weapon
 E - 4 scrolls of poison
 I - a scroll of brand weapon {unknown}
 M - a scroll of enchant armour {unknown}
 Q - 2 scrolls of vulnerability {unknown}
 S - 4 scrolls of immolation
 W - 2 scrolls of torment
 Y - a scroll of amnesia {unknown}
 Z - a scroll of fear {unknown}
Potions
 e - a potion of berserk rage {unknown}
 h - 2 potions of might
 j - a potion of haste
 l - 2 potions of invisibility {unknown}
 n - a potion of cancellation
 r - 3 potions of heal wounds
 s - a potion of magic
 v - 3 potions of curing
 z - 3 potions of attraction
 G - a potion of lignification
 P - a potion of enlightenment {unknown}
 R - a potion of degeneration {unknown}
 X - a potion of brilliance {unknown}


   Skills:
 * Level 10.4 Fighting
 - Level 5.0 Armour
 + Level 6.9 Dodging
 * Level 9.9 Unarmed Combat
 * Level 9.1 Shapeshifting


You had 11 spell levels left.
You didn't know any spells.
Your spell library contained the following spells:

 Spells                   Type           Power      Damage    Failure   Level
 Shock                    Conj/Air       0%         1d3       30%         1
 Lesser Beckoning         Tloc           0%         N/A       43%         2
 Gell's Gravitas          Tloc           0%         N/A       67%         3
 Swiftness                Air            0%         N/A       67%         3
 Teleport Other           Tloc           0%         N/A       67%         3
 Airstrike                Air            0%         2d(0-16)  97%         4


Dungeon Overview and Level Annotations

Branches:
Dungeon (10/15)            Temple (1/1) D:7            Lair (2/5) D:9
    Orc (0/2) D:10
  Swamp: Lair:2-3    Shoals: Lair:2-3     Snake: Lair:2-3    Spider: Lair:2-3

Altars:
Ashenzari
Cheibriados
Dithmenos
Fedhas
Gozag
Hepliaklqana
Kikubaaqudgha
Makhleb
Nemelex Xobeh
Okawaru
Qazlal
Ru
Sif Muna
Trog
Uskayaw
Vehumet
Wu Jian
Xom
Yredelemnul

Shops:
D:1 (   D:10 *

Annotations:
D:7 18 exclusions
D:10 4 transporters


Innate Abilities, Weirdness & Mutations

You are an enormous anaconda.
You have a powerful constriction melee attack.
Your maximum health is increased.
Your armour is entirely melded.
You are incapable of wielding weapons or throwing items.
((You are mostly covered in large bone plates. (SH +6)))
Your demonic aura sometimes causes spilled blood to erupt in flames.
You sometimes gain power by taking damage.
((You have a tail ending in a sharp stinger.))


Message History

The cane toad stings you!
You focus on the pain.
You feel very mighty all of a sudden. The cane toad stings you!
You are poisoned.
The cane toad poisons you! The water moccasin closely misses you.
There is a stone staircase leading up, spattered with blood here.
You body-slam the torpor snail!!
You grab the torpor snail.
The torpor snail is severely wounded.
You constrict the torpor snail.
You feel very sick. The cane toad stings you.
You are more poisoned.
The cane toad poisons you! The water moccasin bites you.
The cane toad stings you!
You feel much better.
You constrict the torpor snail.
You feel extremely sick. The water moccasin bites you.
The cane toad stings you! The torpor snail bites you!
* * * LOW HITPOINT WARNING * * *
You focus on the pain.
You feel mightier all of a sudden. The water moccasin closely misses you.
The cane toad barely misses you.
You feel much better.
You constrict the torpor snail.
You feel very sick. The water moccasin closely misses you.
A basilisk comes into view.
The torpor snail bites you!
* * * LOW HITPOINT WARNING * * *
The water moccasin bites you.
* * * LOW HITPOINT WARNING * * *
You are more poisoned.
The water moccasin poisons you! The cane toad stings you!
* * * LOW HITPOINT WARNING * * *
Blink to where?
Press: ? - help, Q - select action, (/) - cycle Dir - move target You lose your grip on the torpor snail.
A cane toad comes into view.
Found a potion of magic.
As you read the scroll of blinking, it crumbles to dust.
You die...

#.#.......... .#
>...................
PP...#.............
#..............
.PS............
.........P....P.#
F...............#
................#
#S........#
................#
................#
................#
................#
................#
.............wFS#
.!............§.#
........†..♣


You could see a torpor snail, 2 cane toads and a water moccasin (wandering).

Vanquished Creatures
  2 two-headed ogres
  Pikel (D:8)
  3 komodo dragons
  6 cane toads
  Maggie (D:6)
  A rime drake (Lair:1)
  A merfolk (D:9)
  2 trolls
  Grinder (D:3)
  A raiju (D:7)
  Prince Ribbit (D:9)
  2 hornets
  Sigmund (D:3)
  A vampire (D:10)
  3 wyverns
  A basilisk (Lair:1)
  29 yaks
  A wraith (D:6)
  A steam dragon (D:9)
  Menkaure (D:7)
  4 acid dragons
  5 water moccasins
  2 black bears (Lair:1)
  An ice beast (D:3)
  An orc warrior (D:10)
  A sky beast (D:7)
  9 wolves
  3 phantoms
  2 ogres
  A lemure (D:8)
  5 scorpions
  6 bullfrogs
  A gnoll sergeant (D:8)
  11 wights
  4 howler monkeys
  3 jellies
  3 orc priests
  Crazy Yiuf (D:6)
  2 hounds
  2 sleepcaps
  6 iguanas
  9 orc wizards
  8 adders
  11 gnolls
  A shadow imp (D:5)
  A white imp (D:6)
  4 ufetubi
  3 worms
  3 dart slugs
  35 orcs
  10 ball pythons
  8 endoplasms
  4 giant cockroaches
  6 goblins
  5 hobgoblins
  9 jackals
  6 quokkas
  7 bats
  3 frilled lizards
  2 kobolds
  5 rats
273 creatures vanquished.

Notes
Turn   | Place    | Note
-------+----------+-------------------------------------------
     0 | D:1      | Gladio the Demonspawn Shapeshifter began the quest for the
                  | Orb.
     0 | D:1      | Reached XP level 1. HP: 15/15 MP: 1/1
   127 | D:1      | Gained mutation: You are partially covered in large bone
                  | plates. (SH +4) [demonic ancestry]
   127 | D:1      | Reached XP level 2. HP: 17/21 MP: 2/2
   469 | D:1      | HP: 1/21 [quokka (3)]
   620 | D:1      | Found Qoyddoxt's Antique Weapon Boutique.
   756 | D:1      | You fall into a shaft and drop 1 floor!
   787 | D:2      | Reached XP level 3. HP: 19/27 MP: 3/3
   831 | D:2      | Found a faded altar of an unknown god.
  1322 | D:2      | Reached skill level 2 in Fighting
  2008 | D:3      | Noticed an ice beast
  2030 | D:3      | Killed an ice beast
  2031 | D:3      | Gained mutation: You sometimes gain a little power by
                  | taking damage. [demonic ancestry]
  2031 | D:3      | Reached XP level 4. HP: 5/34 MP: 4/4
  2031 | D:3      | Reached XP level 5. HP: 6/39 MP: 5/5
  2295 | D:3      | Reached skill level 3 in Fighting
  2562 | D:3      | Noticed Grinder
  2589 | D:3      | Killed Grinder
  2590 | D:3      | Gained mutation: Your demonic aura sometimes causes spilled
                  | blood to erupt in flames. [demonic ancestry]
  2590 | D:3      | Reached XP level 6. HP: 17/48 MP: 6/6
  2796 | D:3      | Found an iron altar of Okawaru.
  2859 | D:3      | Found a hazy altar of Hepliaklqana.
  3088 | D:3      | Noticed Sigmund
  3096 | D:3      | Killed Sigmund
  3097 | D:3      | Reached skill level 4 in Fighting
  3097 | D:3      | Reached XP level 7. HP: 48/54 MP: 7/7
  3976 | D:5      | Entered Level 5 of the Dungeon
  4059 | D:5      | Reached skill level 5 in Unarmed Combat
  4225 | D:5      | Gained mutation: You have a small tail. [demonic ancestry]
  4225 | D:5      | Reached XP level 8. HP: 61/61 MP: 8/8
  4229 | D:5      | Reached skill level 5 in Fighting
  4319 | D:5      | Reached skill level 5 in Shapeshifting
  4328 | D:5      | Found Buomig's Weapon Shoppe.
  5044 | D:6      | Noticed Maggie
  5052 | D:6      | Killed Maggie
  5053 | D:6      | Reached skill level 6 in Fighting
  5061 | D:6      | Reached XP level 9. HP: 38/69 MP: 9/9
  5468 | D:6      | Reached skill level 1 in Armour
  5593 | D:6      | Found a runed translucent door.
  5594 | D:6      | Noticed Crazy Yiuf
  5644 | D:6      | Killed Crazy Yiuf
  5763 | D:7      | Noticed Menkaure
  5769 | D:7      | Killed Menkaure
  5815 | D:7      | Found a staircase to the Ecumenical Temple.
  5849 | Temple   | Entered the Ecumenical Temple
  5886 | Temple   | Became a worshipper of Trog the Wrathful
  5901 | D:7      | Reached skill level 7 in Fighting
  6019 | D:7      | Reached skill level 5 in Dodging
  6510 | D:8      | Found a shimmering blue altar of Sif Muna.
  6597 | D:8      | Gained mutation: You sometimes gain power by taking damage.
                  | [demonic ancestry]
  6597 | D:8      | Reached XP level 10. HP: 50/80 MP: 10/10
  6687 | D:8      | Reached * piety under Trog
  6787 | D:8      | Identified the +2 leather armour of Indecent Exposure {Harm
                  | Str+2}
  6983 | D:8      | Noticed Pikel
  6995 | D:8      | Killed Pikel
  6996 | D:8      | Reached skill level 8 in Fighting
  7129 | D:8      | Noticed a two-headed ogre
  7134 | D:8      | Killed a two-headed ogre
  7943 | D:9      | Found a staircase to the Lair.
  8106 | D:9      | Reached ** piety under Trog
  8107 | D:9      | Reached skill level 9 in Fighting
  8107 | D:9      | Gained mutation: You are mostly covered in large bone
                  | plates. (SH +6) [demonic ancestry]
  8107 | D:9      | Reached XP level 11. HP: 43/89 MP: 11/11
  8401 | D:9      | Noticed Prince Ribbit
  8407 | D:9      | Killed Prince Ribbit
  8428 | D:9      | Found a blossoming altar of Fedhas.
  8449 | D:9      | Found a basalt altar of Yredelemnul.
  8554 | D:10     | Entered Level 10 of the Dungeon
  8738 | D:10     | Noticed a two-headed ogre
  8745 | D:10     | Killed a two-headed ogre
  8829 | D:10     | Found a transporter.
  8849 | D:10     | Found a transporter.
  8885 | D:10     | Found Segul's Assorted Antiques.
  8890 | D:10     | Bought a scroll of identify for 58 gold pieces
  8961 | D:10     | Found a transporter.
  9092 | D:10     | Found a transporter.
  9292 | D:10     | Found a staircase to the Orcish Mines.
  9434 | Lair:1   | Entered Level 1 of the Lair of Beasts
  9473 | Lair:1   | Reached *** piety under Trog
  9683 | Lair:1   | Reached skill level 10 in Fighting
  9946 | Lair:1   | Reached skill level 5 in Armour
  9999 | Lair:1   | Gained mutation: You have a tail ending in a sharp stinger.
                  | [demonic ancestry]
  9999 | Lair:1   | Reached XP level 12. HP: 88/97 MP: 12/12
 10634 | Lair:2   | HP: 5/108 [cane toad (15)]
 10635 | Lair:2   | Succumbed to a water moccasin's poison

Illustrated notes

Levels and vault maps discovered:
D:1:      dpeg_arrival_chambers_temple_mockup, layout_basic, serial_shops, shop
D:2:      layout_loops_ring, nicolae_ecumenical_oubliette
D:3:      layout_basic, elyvilon_altar_5, mainiacjoe_overflow_catwalk_spiral,
          grunt_ministairs_12, uniq_grinder, uniq_sigmund
D:4:      layout_loops_cross
D:5:      layout_rooms, serial_shops, shop
D:6:      minmay_inner_zag, layout_loops_corners, uniq_maggie,
          uniq_crazy_yiuf_cottage
D:7:      layout_loops_ring, minmay_temple_entry_grid, st_stairs_9,
          nicolae_have_a_lightning_rod, uniq_menkaure
D:8:      layout_basic, nicolae_sif_muna_condensation, uniq_pikel
D:9:      layout_roguey, mainiacjoe_overflow_swirl, david_lair_shrubbed,
          hangedman_fish_farm, uniq_prince_ribbit1
D:10:     layout_irregular_city, orc_0_dummy, serial_shops, shop,
          nicolae_transporter_circle
Temple:   lightli_temple_of_artemis
Lair:1:   layout_long_grid, st_stairs_7
Lair:2:   nzn_winding_woodlands_large [nzn_winding_woodlands_5x5_checkerboard,
          nzn_winding_woodlands_5x15_pathside_ponds,
          nzn_winding_woodlands_5x5_closed_star,
          nzn_winding_woodlands_center_pierced_h,
          nzn_winding_woodlands_15x15_eel_pit,
          nzn_winding_woodlands_center_lodge, nzn_winding_woodlands_5x5_cross,
          nzn_winding_woodlands_5x15_pool, nzn_winding_woodlands_5x5_open_star],
          layout_cave_shapes, infiniplex_staircase_pool

Skill      XL: |  1  2  3  4  5  6  7  8  9 10 11 |
---------------+----------------------------------+-----
Dodging        | 2 3 4 5 6 |  6.9
Unarmed Combat | 3 4 5 6 7 8 9 |  9.9
Shapeshifting  | 3 4 5 6 7 9 |  9.1
Fighting       | 2 3 4 6 7 9 10 | 10.4
Armour         | 2 3 5 |  5.0

Action                     |  1- 3 |  4- 6 |  7- 9 | 10-12 || total
---------------------------+-------+-------+-------+-------++-------
  Melee: Unarmed           |   130 |    66 |   332 |   394 ||   922
         Punch             |     2 |     2 |    10 |       ||    14
         Tailslap          |       |       |    44 |    82 ||   126
         Constrict         |       |       |       |     6 ||     6
 Invoke: Berserk           |       |       |       |     2 ||     2
Ability: Begin Untransform |       |       |     1 |     1 ||     2
  Evoke: Wand              |       |       |     7 |     4 ||    11
    Use: Potion            |       |     2 |     1 |     3 ||     6
         Scroll            |       |       |     8 |     9 ||    17
   Stab: Sleeping          |     3 |       |       |       ||     3
 Armour: Animal skin       |    55 |     6 |       |       ||    61
         Skin              |       |    23 |       |    32 ||    55
         Leather armour    |       |     7 |    83 |       ||    90
         Acid dragon scale |       |       |    70 |   207 ||   277
  Dodge: Dodged            |    56 |    14 |   150 |   192 ||   412
  Block: Other             |    15 |     2 |    40 |    63 ||   120
         Form:             |     1 |       |       |       ||     1
         Beast             |     1 |       |       |       ||     1
         Flux              |       |       |     1 |       ||     1
         Anaconda          |       |       |       |     2 ||     2

Table legend: (Time is in decaauts)
 A = Elapsed time spent in this place.
 B = Non-inter-level travel time spent in this place.
 C = Inter-level travel time spent in this place.
 D = Time resting spent in this place.
 E = Time spent auto-exploring this place.
 F = Levels seen in this place.
 G = Mean time per level.
                   A        B        C        D        E       F      G
               +--------+--------+--------+--------+--------+-----+--------+
         Total |  10570 |   9609 |    961 |     27 |   7579 |  13 |  813.1 |
       Dungeon |   9341 |   8509 |    832 |     21 |   6804 |  10 |  934.1 |
        Temple |     45 |      3 |     42 |      0 |      0 |   1 |   45.0 |
          Lair |   1183 |   1097 |     86 |      5 |    775 |   2 |  591.5 |
               +--------+--------+--------+--------+--------+-----+--------+

Top non-repeatable levels by time:
     D:6: 1191 daAuts
     D:8: 1137 daAuts
     D:3: 1118 daAuts
     D:2: 1093 daAuts
     D:1: 1009 daAuts
  Lair:1: 939 daAuts
     D:9: 933 daAuts
    D:10: 831 daAuts
     D:4: 780 daAuts
     D:7: 694 daAuts
     D:5: 553 daAuts
  Lair:2: 243 daAuts
  Temple: 45 daAuts
